 Dungeon Sprint DCSS version 0.23.2-1-ga50397a6bc (webtiles) character file.

Game seed: 6890602900545917824

1535 Kobolds4U the Fencer (level 8, -1/124 HPs)
             Began as a Minotaur Berserker on May 10, 2019.
             Was an Elder of Trog.
             Slain by a demonic crawler (6 damage)
             ... in the Dungeon (Sprint I: "Red Sonja").
             The game lasted 00:03:13 (929 turns).

Kobolds4U the Fencer (Minotaur Berserker)            Turns: 929, Time: 00:03:14

Health: -1/124     AC:  5    Str: 26    XL:     8   Next: 55%
Magic:  7/7        EV: 17    Int:  4    God:    Trog [****..]
Gold:   405        SH:  0    Dex: 13    Spells: 7/7 levels left

rFire    . . .     SeeInvis .   a - +0 falchion
rCold    . . .     Gourm    .   (no shield)
rNeg     . . .     Faith    .   k - +0 ring mail
rPois    .         Spirit   .   (helmet restricted)
rElec    .         Reflect  .   (no cloak)
rCorr    .         Harm     .   (no gloves)
MR       ++...     NoTele   +   (no boots)
Stlth    ..........             (no amulet)
HPRegen  1.30/turn              (no ring)
MPRegen  0.10/turn              (no ring)

@: berserking, regenerating, very quick
A: retaliatory headbutt, horns 2
a: Berserk, Trog's Hand, Brothers in Arms, Renounce Religion


You were in the Dungeon.
You worshipped Trog.
Trog was greatly pleased with you.
You were near starving.

You visited 1 branch You collected 405 gold pieces.

Inventory:

Hand Weapons
 a - a +0 falchion (weapon)
Armour
 k - a +0 ring mail (worn)
Wands
 j - a wand of flame (11)
Potions
 d - a potion of curing
 e - a potion of heal wounds
 f - a potion of haste
 g - 2 potions of magic
 h - a potion of berserk rage
Comestibles
 c - 2 rations


   Skills:
 + Level 11.9 Fighting
 * Level 15.6 Long Blades
 - Level 2.4 Armour
 + Level 10.7 Dodging


You had 7 spell levels left.
You didn't know any spells.
Your spell library was empty.

Dungeon Overview and Level Annotations

Branches:
Dungeon (1/1)

Altars:
Cheibriados
Dithmenos
Elyvilon
Fedhas
Gozag
Hepliaklqana
Kikubaaqudgha
Makhleb
Nemelex Xobeh
Okawaru
Qazlal
Ru
Sif Muna
Trog
Uskayaw
Vehumet
Wu Jian
Xom
Yredelemnul
Zin
The Shining One
Jiyva
Lugonu

Shops:
D }


Innate Abilities, Weirdness & Mutations

You reflexively headbutt those who attack you in melee.
You have a pair of horns on your head.


Message History

* * * LOW HITPOINT WARNING * * *
Your skin crawls.
You feel resistant to hostile enchantments.
You are feeling hungry.
The demonic crawler hits you but does no damage.
The demonic crawler hits you!
* * * LOW HITPOINT WARNING * * *
The demonic crawler hits you.
* * * LOW HITPOINT WARNING * * *
The demonic crawler hits you.
* * * LOW HITPOINT WARNING * * *
The demonic crawler barely misses you. x2
A red film seems to cover your vision as you go berserk!
You feel yourself moving faster!
You feel mighty!
You are near starving!
The demonic crawler hits you!
* * * LOW HITPOINT WARNING * * *
The demonic crawler completely misses you.
The demonic crawler misses you. The demonic crawler hits you.
You die...

#########################
<.#.[)..#..'..#__#..')..#
..'..#..').#..'^@s..#)s.##+#
..#####'#####'#_s####...†..#
..####..#...#)#### #####..+
..#__####..##)# +##
..#_____##'#_.+
⌠⌠#_.∩...÷..._#
###_..__##_.#'#
#_____###+#.# ####### ###


You could see 2 demonic crawlers.

Vanquished Creatures
  2 kobold demonologists (D)
  2 demonic crawlers (D)
  A slime creature (D)
  Sigmund (D)
  A yak (D)
  A floating eye (D)
  An ogre (D)
  A jelly (D)
  Ijyb (D)
11 creatures vanquished.

Notes
Turn   | Place    | Note
-------+----------+-------------------------------------------
     0 | D        | Kobolds4U the Minotaur Berserker began the quest for the
                  | Orb.
     0 | D        | Reached XP level 1. HP: 19/19 MP: 0/0
     1 | D        | Noticed Ijyb
    12 | D        | Killed Ijyb
    12 | D        | Reached skill level 5 in Fighting
    12 | D        | Reached skill level 6 in Long Blades
    12 | D        | Reached XP level 2. HP: 8/29 MP: 1/1
   265 | D        | Noticed an ogre
   268 | D        | Killed an ogre
   268 | D        | Reached skill level 8 in Long Blades
   268 | D        | Reached skill level 5 in Dodging
   268 | D        | Reached XP level 3. HP: 37/38 MP: 2/2
   268 | D        | Reached XP level 4. HP: 44/45 MP: 3/3
   358 | D        | Noticed Sigmund
   365 | D        | Killed Sigmund
   365 | D        | Reached ** piety under Trog
   365 | D        | Reached skill level 11 in Long Blades
   365 | D        | Reached XP level 5. HP: 53/53 MP: 4/4
   380 | D        | Found an ornate altar of the Wu Jian Council.
   380 | D        | Found a deep blue altar of Sif Muna.
   382 | D        | Found a radiant altar of Vehumet.
   385 | D        | Reached XP level 6. HP: 57/62 MP: 5/5
   412 | D        | Found Jegurunoh's Gadget Emporium.
   412 | D        | Found an ancient bone altar of Kikubaaqudgha.
   412 | D        | Found a hazy altar of Hepliaklqana.
   412 | D        | Found a hide-covered altar of Uskayaw.
   412 | D        | Found a basalt altar of Yredelemnul.
   412 | D        | Found an opulent altar of Gozag.
   412 | D        | Found a snail-covered altar of Cheibriados.
   412 | D        | Found a sacrificial altar of Ru.
   412 | D        | Found a shadowy altar of Dithmenos.
   412 | D        | Noticed a yak
   420 | D        | Killed a yak
   420 | D        | Reached skill level 12 in Long Blades
   421 | D        | Found a stormy altar of Qazlal.
   421 | D        | Found a blossoming altar of Fedhas.
   421 | D        | Found a bloodstained altar of Trog.
   421 | D        | Found an iron altar of Okawaru.
   421 | D        | Found a glowing golden altar of the Shining One.
   421 | D        | Found a glowing silver altar of Zin.
   421 | D        | Found a white marble altar of Elyvilon.
   455 | D        | Found a sparkling altar of Nemelex Xobeh.
   469 | D        | Found a viscous altar of Jiyva.
   469 | D        | Found a corrupted altar of Lugonu.
   469 | D        | Noticed a slime creature
   470 | D        | Found a burning altar of Makhleb.
   470 | D        | Found a shimmering altar of Xom.
   476 | D        | Killed a slime creature
   476 | D        | Reached *** piety under Trog
   476 | D        | Reached skill level 10 in Fighting
   476 | D        | Reached skill level 13 in Long Blades
   476 | D        | Reached XP level 7. HP: 56/72 MP: 6/6
   558 | D        | Noticed a kobold demonologist
   559 | D        | Noticed a kobold demonologist
   560 | D        | Noticed a sun demon
   564 | D        | Killed a kobold demonologist
   564 | D        | Reached skill level 14 in Long Blades
   567 | D        | Killed a kobold demonologist
   567 | D        | Reached **** piety under Trog
   567 | D        | Reached skill level 15 in Long Blades
   567 | D        | Reached skill level 10 in Dodging
   567 | D        | Reached XP level 8. HP: 82/82 MP: 7/7
   615 | D        | Noticed a demonic crawler
   615 | D        | Noticed a demonic crawler
   615 | D        | Noticed a demonic crawler
   615 | D        | Noticed a demonic crawler
   617 | D        | Killed a demonic crawler
   619 | D        | Killed a demonic crawler
   627 | D        | HP: 4/83 [demonic crawler (10)]
   929 | D        | HP: 5/124 [demonic crawler (8)]
   929 | D        | Slain by a demonic crawler

Skill      XL: |  1  2  3  4  5  6  7 |
---------------+----------------------+-----
Fighting       | 5 6 8 10 11 | 11.9
Long Blades    | 6 8 11 13 15 | 15.6
Dodging        | 3 5 7 8 10 | 10.7
Armour         | |  2.4

Action                   |  1- 3 |  4- 6 |  7- 9 || total
-------------------------+-------+-------+-------++-------
Melee: Falchion          |    11 |    22 |    25 ||    58
       Headbutt          |     1 |    10 |    10 ||    21
Invok: Berserk           |     2 |       |     3 ||     5
       Trog's Hand       |       |       |     2 ||     2
       Brothers in Arms  |       |       |     1 ||     1
  Use: Scroll            |       |       |     1 ||     1
  Eat: Chunk             |       |       |     4 ||     4
Armor: Ring mail         |       |     3 |    11 ||    14
Dodge: Dodged            |     5 |     9 |    41 ||    55
       Rpst.: Falchion   |     1 |     3 |     2 ||     6
